 Dungeon Crawl Stone Soup version 0.29.1-1-gd02db6906a (webtiles) character file.

Game seed: 6970198469369021608

466 GigaChad the Covered (level 6, -1/57 HPs)
             Began as a Minotaur Fighter on Oct 6, 2022.
             Was a Follower of Okawaru.
             Killed from afar by a steam dragon (20 damage)
             ... with a ball of steam
             ... on level 5 of the Dungeon.
             The game lasted 00:11:09 (5471 turns).

GigaChad the Covered (Minotaur Fighter)             Turns: 5471, Time: 00:11:09

Health: -1/57      AC: 11    Str: 23    XL:     6   Next: 81%
Magic:  5/5        EV:  8    Int:  5    God:    Okawaru [*.....]
Gold:   138        SH:  5    Dex: 15    Spells: 5/5 levels left

rFire   . . .      SeeInvis .   a - +2 long sword
rCold   . . .      Faith    .   c - +0 buckler
rNeg    . . .      Spirit   .   h - +0 chain mail
rPois   .          Reflect  .   (helmet restricted)
rElec   .          Harm     .   (no cloak)
rCorr   .          Rampage  .   (no gloves)
Will    .....                   g - +0 pair of boots
Stlth   ..........              w - amulet of regeneration
HPRegen 0.99/turn               t - +6 ring of dexterity
MPRegen 0.09/turn               (no ring)

@: no status effects
A: horns 2, retaliatory headbutt
a: Renounce Religion, Heroism


You were on level 5 of the Dungeon.
You worshipped Okawaru.
Okawaru was aware of your devotion.
You visited 2 branches of the dungeon, and saw 6 of its levels.

You collected 138 gold pieces.

Inventory:

Hand Weapons
 a - a +2 long sword (weapon)
Missiles
 e - a throwing net (quivered)
 n - 5 poisoned darts
Armour
 b - a +0 scale mail
 c - a +0 buckler (worn)
 g - a +0 pair of boots (worn)
 h - a +0 chain mail (worn)
 i - an orb of wrath
Jewellery
 k - a ring of protection from fire
 q - a ring of wizardry
 t - a +6 ring of dexterity (left hand)
 w - an amulet of regeneration (around neck)
 y - an amulet of regeneration
Wands
 o - a wand of polymorph (7)
Scrolls
 j - a scroll of magic mapping {unknown}
 l - a scroll of immolation {unknown}
 p - 2 scrolls of teleportation
 s - a scroll of amnesia {unknown}
 u - a scroll of poison {unknown}
 v - 3 scrolls of identify
Potions
 d - 2 potions of might
 f - a potion of resistance {unknown}
 m - 3 potions of curing {unknown}
 r - a potion of cancellation {unknown}
 x - a potion of haste {unknown}
 z - a potion of attraction {unknown}
 A - a potion of heal wounds {unknown}


   Skills:
 - Level 6.2 Fighting
 - Level 3.0 Long Blades
 + Level 7.3 Armour
 - Level 0.1 Dodging
 - Level 4.1 Shields


You had 5 spell levels left.
You didn't know any spells.
Your spell library was empty.

Dungeon Overview and Level Annotations

Branches:
Dungeon (5/15)             Temple (1/1) D:5

Altars:
Cheibriados
Elyvilon
Fedhas
Gozag
Makhleb
Nemelex Xobeh
Okawaru
Qazlal
Sif Muna
Trog
Uskayaw
Vehumet
Wu Jian
Xom
Yredelemnul
Zin
The Shining One


Innate Abilities, Weirdness & Mutations

You have a pair of horns on your head.
You reflexively headbutt those who attack you in melee.


Message History

You hit the steam dragon.
The steam dragon is severely wounded.
You are engulfed in a cloud of scalding steam.
You block the steam dragon's attack. The steam dragon barely misses you.
You closely miss the steam dragon.
The steam dragon is severely wounded.
The steam dragon bites you! The steam dragon claws you.
You hit the steam dragon. Your headbutt misses the steam dragon.
The steam dragon is severely wounded.
You are engulfed in a cloud of scalding steam.
The steam dragon breathes steam at you. The ball of steam hits you!!
You barely miss the steam dragon.
The steam dragon is severely wounded.
The steam dragon barely misses you. The steam dragon claws you.
The steam dragon bites you but does no damage.
The steam dragon claws you but does no damage.
You closely miss the steam dragon. Your headbutt misses the steam dragon.
The steam dragon is severely wounded.
You block the steam dragon's attack.
The steam dragon claws you but does no damage.
You barely miss the steam dragon.
The steam dragon is severely wounded.
The steam dragon bites you but does no damage.
The steam dragon claws you but does no damage.
You closely miss the steam dragon.
The steam dragon is severely wounded.
The steam dragon bites you! The steam dragon barely misses you.
The steam dragon bites you but does no damage.
The steam dragon claws you.
* * * LOW HITPOINT WARNING * * *
You barely miss the steam dragon.
The steam dragon is severely wounded.
You block the steam dragon's attack.
The steam dragon claws you but does no damage.
You barely miss the steam dragon.
The steam dragon is severely wounded.
The steam dragon breathes steam at you. The ball of steam hits you!!
You die...

#......# #......#
#..~.P.# #~.P(.~
#....~# #~...#
#^~D~# #.......
#~@.# #.......
#^.~##+##+##.......
#~..#..............
#...#..............
#..##..............
#..#...............
##..#...............
#≈..#...#####.......
#...#...#...#.......


You could see a steam dragon (catching breath).

Vanquished Creatures
  A steam dragon (D:5)
  An ogre (D:5)
  A scorpion (D:4)
  A jelly (D:4)
  An orc priest (D:5)
  4 adders (D:4)
  An ufetubus (D:4)
  A worm (D:3)
  6 dart slugs
  16 orcs
  3 ball pythons
  5 bats
  5 endoplasms
  2 giant cockroaches
  9 goblins
  3 hobgoblins
  A frilled lizard (D:3)
  5 kobolds
  7 rats
73 creatures vanquished.

Vanquished Creatures (others)
  12 fungi
  A plant (D:1)
13 creatures vanquished.

Grand Total: 86 creatures vanquished

Notes
Turn   | Place    | Note
-------+----------+-------------------------------------------
     0 | D:1      | GigaChad the Minotaur Fighter began the quest for the Orb.
     0 | D:1      | Reached XP level 1. HP: 19/19 MP: 0/0
   286 | D:1      | Reached XP level 2. HP: 14/27 MP: 1/1
   652 | D:1      | Found a faded altar of an unknown god.
   771 | D:1      | You fall into a shaft and drop 1 floor!
  1055 | D:2      | Reached XP level 3. HP: 33/33 MP: 2/2
  2266 | D:3      | Reached skill level 5 in Fighting
  2465 | D:3      | Found an iron altar of Okawaru.
  2471 | D:3      | Became a worshipper of Warmaster Okawaru
  2680 | D:3      | Found a burning altar of Makhleb.
  2689 | D:3      | Noticed a cacodemon
  2695 | D:3      | Noticed a neqoxec
  2695 | D:3      | Noticed a hellwing
  2761 | D:4      | Reached XP level 4. HP: 25/42 MP: 3/3
  3538 | D:4      | Reached XP level 5. HP: 50/50 MP: 4/4
  3638 | D:4      | Reached skill level 4 in Armour
  3698 | D:4      | Reached skill level 5 in Armour
  4125 | D:5      | Entered Level 5 of the Dungeon
  4444 | D:5      | Found a staircase to the Ecumenical Temple.
  4448 | Temple   | Entered the Ecumenical Temple
  4567 | D:5      | Found an ornate altar of the Wu Jian Council.
  4567 | D:5      | Found a basalt altar of Yredelemnul.
  4567 | D:5      | Found a stormy altar of Qazlal.
  4567 | D:5      | Found a radiant altar of Vehumet.
  4567 | D:5      | Noticed an ogre
  4581 | D:5      | Killed an ogre
  4581 | D:5      | Reached * piety under Okawaru
  4582 | D:5      | Reached skill level 6 in Armour
  4582 | D:5      | Reached XP level 6. HP: 5/57 MP: 5/5
  5062 | D:5      | Found a shimmering altar of Xom.
  5062 | D:5      | Found a bloodstained altar of Trog.
  5141 | D:5      | Noticed a steam dragon
  5151 | D:5      | Killed a steam dragon
  5152 | D:5      | Reached skill level 7 in Armour
  5452 | D:5      | Noticed a steam dragon
  5471 | D:5      | Killed from afar by a steam dragon

Illustrated notes

Levels and vault maps discovered:
D:1:      lightli_arrival_noodles, layout_basic,
          dreamdust_ecumenical_altar_hidden_monk_grotto, serial_glass,
          glass_columns_b, glass_columns_a
D:2:      layout_basic
D:3:      layout_loops_corners, makhleb_altar_promises_db, lemuel_doored_altar,
          bh_walls_and_bars
D:4:      layout_loops_cross
D:5:      kennysheep_steamy, layout_gridville, minmay_overflow_temple_hex,
          temple_hall_moat
Temple:   dpeg_three_leaves_temple

Skill      XL: |  1  2  3  4  5  6 |
---------------+-------------------+-----
Shields        | 4 |  4.1
Fighting       | 4 5 6 |  6.2
Long Blades    | 3 |  3.0
Armour         | 6 7 |  7.3
Dodging        | |  0.1

Action                   |  1- 3 |  4- 6 || total
-------------------------+-------+-------++-------
Melee: Long sword        |   107 |    72 ||   179
       Headbutt          |    16 |     9 ||    25
Evoke: Wand              |     1 |       ||     1
  Use: Scroll            |     1 |     3 ||     4
Armor: Scale mail        |    29 |       ||    29
       Chain mail        |    51 |    47 ||    98
Dodge: Dodged            |    47 |    41 ||    88
Block: Buckler           |    30 |    24 ||    54
